Pick #1

Connor Bedard
Pick #2

Leo Carlsson
Pick #3

Adam Fantilli
Pick #4

Matvei Michkov
Pick #5

David Reinbacher
Pick #6

William Smith
Pick #7

Zachary Benson
Pick #8

Ryan Leonard
Pick #9

Gabriel Perreault
Pick #10

Axel Sandin-Pellika
Pick #11

Daniil But
Pick #12

Dalibor Dvorsky
Pick #13

Quentin Musty
Pick #14

Brayden Yager
Pick #15

Dmitry Simashev
Pick #16

Colby Barlow
Pick #17

Andrew Cristall
Pick #18

Easton Cowan
Pick #19

Jacob Fowler
Pick #20

Oliver Moore
Pick #21

Oliver Bonk
Pick #22

Tom Willander
Pick #23

Calum Ritchie
Pick #24

Tanner Molendyk
Pick #25

Gavin Brindley
Pick #26

Nate Danielson
Pick #27

Pick #28

Pick #29

Pick #30

Pick #31

Pick #32

Pick #33

Pick #34

Pick #35

Pick #36

Pick #37

Pick #38

Pick #39

Pick #40

Pick #41

Pick #42

Pick #43

Pick #44

Pick #45

Pick #46

Pick #47

Pick #48

Pick #49

Pick #50

Pick #51

Pick #52

Pick #53

Pick #54

Pick #55

Pick #56

Pick #57

Pick #58

Pick #59

Pick #60

Pick #61

Pick #62

Pick #63

Pick #64

Pick #65

Pick #66

Pick #67

Pick #68

Pick #69

Pick #70

Pick #71

Pick #72

Pick #73

Pick #74

Pick #75

Pick #76

Pick #77

Pick #78

Pick #79

Pick #80

Pick #81

Pick #82

Pick #83

Pick #84

Pick #85

Pick #86

Pick #87

Pick #88

Pick #89

Pick #90

Pick #91

Pick #92

Pick #93

Pick #94

Pick #95

Pick #96

Pick #97

Pick #98

Pick #99

Pick #100

Pick #101

Pick #102

Pick #103

Pick #104

Pick #105

Pick #106

Pick #107

Pick #108

Pick #109

Pick #110

Pick #111

Pick #112

Pick #113

Pick #114

Pick #115

Pick #116

Pick #117

Pick #118

Pick #119

Pick #120

Pick #121

Pick #122

Pick #123

Pick #124

Pick #125

Pick #126

Pick #127

Pick #128

Pick #129

Pick #130

Full Scoreboard »»

MapleLeafs vs Rangers (R4)

Created - December 22, 2023 at 09:33

Goals
1 2 3 T
MapleLeafs 1 0 1 2
Rangers 2 1 2 5
Shots
1 2 3 T
MapleLeafs 6 6 12 24
Rangers 15 17 14 46

GoalsPenalties
1st period
1. MapleLeafs , Jonathan Huberdeau 13 (Evgeny Kuznetsov 10) at 1:40
2. Rangers , Ryan Lomberg 3 (Caleb Jones 8, Kent Johnson 6) at 9:19
3. Rangers , Martin Fehervary 9 (Luke Kunin 3, Eric Robinson 5) at 11:46
Drake Batherson (TOR) for Hooking (Minor) at 4:23
Jonathan Huberdeau (TOR) for High sticking (Minor) at 6:34
Mikael Granlund (TOR) for Tripping (Minor) at 7:14
2nd period
4. Rangers , Casey Mittelstadt 8 (Artem Zub 19, Riley Stillman 6) at 14:52
Alexander Romanov (TOR) for Hooking (Minor) at 0:03
3rd period
5. Rangers , Adam Erne 3 (Mario Ferraro 19, Luke Kunin 4) at 0:34
6. Rangers , Luke Kunin 8 (Adam Erne 2, Eric Robinson 6) at 13:02
7. MapleLeafs , Drake Batherson 10 (Jon Marchessault 15) at 18:54
Jonathan Huberdeau (TOR) for Interference (Minor) at 1:46
Martin Fehervary (NYR) for Interference (Minor) at 4:27
Jonathan Huberdeau (TOR) for Holding (Minor) at 6:01
Ryan Lomberg (NYR) for Roughing (Minor) at 8:01
Goalie Stats
Jordan Binnington (TOR), 41 saves from 46 shots - (0.891), L, 5-11-1, 60:00 minutes
Arturs Silovs (NYR), 22 saves from 24 shots - (0.917), W, 2-0-0, 60:00 minutes
3 StarsOfficial
1 - Luke Kunin (NYR)
2 - Adam Erne (NYR)
3 - Eric Robinson (NYR)
Referees : Garrett Rank and Reid Anderson
Linesman : Brandon Gawryletz and Jesse Marquis
Game Note
No Game Note
Finance
Level 1 -- Attendance: 6499 (99.98%) -- Ticket Income $747,385
Level 2 -- Attendance: 3803 (76.06%) -- Ticket Income $361,285
Level 3 -- Attendance: 3179 (90.83%) -- Ticket Income $222,530
Level 4 -- Attendance: 1984 (98.90%) -- Ticket Income $99,200
Luxury Box -- Attendance: 972 (97.20%) -- Ticket Income $194,400
Game was played at the Madison Square Garden.
Total Attendance: 16437 (91.29%)
Total Ticket Income: $1,624,800
Other Income: $406,200
Total Income: $2,031,000



Team Name Goals Shots Shots Attemp Shots Blocked PIM HIT PP PK FO%
MapleLeafs 22457912300 / 2 (0%)047%
Rangers 54686114280 / 6 (0%)053%

MapleLeafs
Player Name POS G A P +/- PIM HIT SHT SB MP PP MP PP SHT PK MP PK SHT FO% FOT
Alexander RomanovD000-1200019:540:0003:4100% 0
Alexander WennbergC0001001020:191:3503:31060% 25
Andrew MangiapaneLW000-2002017:571:5800:130100% 1
Anthony DuclairLW000-2010011:400:0000:0000% 1
Drake BathersonRW1011222020:481:5800:0000% 1
Dylan DeMeloD000000001:130:0001:1300% 0
Erik CernakD0001061119:390:0005:1600% 0
Evgeny KuznetsovC011-2032017:541:5800:10040% 20
Filip ChytilC000-2010112:360:0000:560100% 1
John MarinoD000-1002121:080:0004:5400% 0
Jon MarchessaultLW/RW0111015020:261:3510:0000% 4
Jonathan HuberdeauC101-2644016:531:3410:0000% 3
Mikael GranlundC000-2232019:161:5815:38047% 34
Nicolas HagueD0001010121:030:0005:1600% 0
Noah CatesLW000-3012218:461:5812:3200% 0
Noel AcciariC000-3050321:511:3506:000100% 1
Rasmus SandinD000000102:591:3510:0000% 0
Trent FredericC000002003:380:0000:00060% 5
Rangers
Player Name POS G A P +/- PIM HIT SHT SB MP PP MP PP SHT PK MP PK SHT FO% FOT
Adam ErneLW1123001011:280:0000:00050% 2
Anthony BeauvillierLW0001006016:365:1710:0000% 1
Artem ZubD0110014023:415:1721:5600% 0
Caleb JonesD0112023114:500:0001:3700% 0
Casey MittelstadtC1011026016:124:5300:00056% 27
Eric RobinsonLW0223000112:420:0001:14067% 3
Jack QuinnRW000-1000017:044:5300:0000% 1
Jesse PuljujarviRW0001063017:334:5301:310100% 1
Juuso ParssinenC000-1014017:135:1710:00059% 27
Kent JohnsonC0110011011:340:0000:00029% 14
Luke KuninC1233022013:300:0002:02060% 15
Mario FerraroD0111025423:164:5321:3700% 0
Martin FehervaryD1012221214:220:0001:1000% 0
Nick BoninoC0000002012:500:0001:310100% 2
Nick PerbixD0001022022:154:5320:4600% 0
Riley StillmanD0110030321:355:1700:0000% 0
Ryan LombergLW1010232012:060:0000:4800% 2
Yegor ChinakhovRW000-1014017:135:1710:000100% 1



Play-by-Play

1st period


0:01 of 1st period - Casey Mittelstadt wins face-off versus Alexander Wennberg in neutral zone.
0:04 of 1st period - Alexander Wennberg is hit by Jesse Puljujarvi.
0:12 of 1st period - Shot by Jesse Puljujarvi.
0:12 of 1st period - Deflect By Anthony Beauvillier.
0:12 of 1st period - Stopped by Jordan Binnington without a rebound.
0:13 of 1st period - Andrew Mangiapane wins face-off versus Juuso Parssinen in MapleLeafs zone.
0:13 of 1st period - Andrew Mangiapane is hit by Juuso Parssinen.
0:29 of 1st period - Icing by Mario Ferraro.
0:30 of 1st period - Juuso Parssinen wins face-off versus Mikael Granlund in Rangers zone.
0:35 of 1st period - Shot by Yegor Chinakhov.
0:35 of 1st period - Shot Misses the Net.
0:48 of 1st period - Off-side.
0:49 of 1st period - Luke Kunin wins face-off versus Jon Marchessault in neutral zone.
0:57 of 1st period - Drake Batherson is hit by Martin Fehervary and loses puck.
1:03 of 1st period - Jon Marchessault is hit by Caleb Jones and loses puck.
1:28 of 1st period - Shot by Jon Marchessault.
1:28 of 1st period - Shot Blocked by Caleb Jones.
1:30 of 1st period - Shot by John Marino.
1:30 of 1st period - Stopped by Arturs Silovs without a rebound.
1:31 of 1st period - Evgeny Kuznetsov wins face-off versus Kent Johnson in Rangers zone.
1:40 of 1st period - Shot by Jonathan Huberdeau.
1:40 of 1st period - Goal by Jonathan Huberdeau - MapleLeafs : 1 - Rangers : 0.
1:41 of 1st period - Casey Mittelstadt wins face-off versus Anthony Duclair in neutral zone.
1:59 of 1st period - Filip Chytil is hit by Riley Stillman and loses puck.
2:08 of 1st period - Shot by Jesse Puljujarvi.
2:08 of 1st period - Stopped by Jordan Binnington with a rebound.
2:10 of 1st period - Shot by Anthony Beauvillier.
2:10 of 1st period - Stopped by Jordan Binnington with a rebound.
2:12 of 1st period - Shot by Artem Zub.
2:12 of 1st period - Stopped by Jordan Binnington without a rebound.
2:13 of 1st period - Alexander Wennberg wins face-off versus Kent Johnson in MapleLeafs zone.
2:13 of 1st period - Alexander Wennberg is hit by Ryan Lomberg.
2:33 of 1st period - Shot by Jon Marchessault.
2:33 of 1st period - Shot Blocked by Mario Ferraro.
2:41 of 1st period - Shot by Alexander Wennberg.
2:41 of 1st period - Shot Blocked by Mario Ferraro.
2:43 of 1st period - Shot by Nicolas Hague.
2:43 of 1st period - Shot Blocked by Mario Ferraro.
2:45 of 1st period - Shot by Alexander Wennberg.
2:45 of 1st period - Shot Blocked by Mario Ferraro.
2:47 of 1st period - Shot by Jon Marchessault.
2:47 of 1st period - Shot Misses the Net.
2:49 of 1st period - Shot by Erik Cernak.
2:49 of 1st period - Stopped by Arturs Silovs without a rebound.
2:50 of 1st period - Evgeny Kuznetsov wins face-off versus Juuso Parssinen in Rangers zone.
3:25 of 1st period - Juuso Parssinen is hit by Jonathan Huberdeau and loses puck.
4:23 of 1st period - Minor Penalty to Drake Batherson for Hooking.
4:24 of 1st period - Casey Mittelstadt wins face-off versus Mikael Granlund in MapleLeafs zone.
4:51 of 1st period - Shot by Mario Ferraro.
4:51 of 1st period - Stopped by Jordan Binnington without a rebound.
4:52 of 1st period - Juuso Parssinen wins face-off versus Mikael Granlund in MapleLeafs zone.
4:52 of 1st period - Juuso Parssinen is hit by Erik Cernak.
5:45 of 1st period - Shot by Nick Perbix.
5:45 of 1st period - Stopped by Jordan Binnington without a rebound.
5:46 of 1st period - Casey Mittelstadt wins face-off versus Mikael Granlund in MapleLeafs zone.
5:47 of 1st period - Shot by Mario Ferraro.
5:47 of 1st period - Shot Blocked by Erik Cernak.
6:34 of 1st period - Minor Penalty to Jonathan Huberdeau for High sticking.
6:35 of 1st period - Alexander Wennberg wins face-off versus Juuso Parssinen in MapleLeafs zone.
7:14 of 1st period - Minor Penalty to Mikael Granlund for Tripping.
7:15 of 1st period - Alexander Wennberg wins face-off versus Casey Mittelstadt in MapleLeafs zone.
7:15 of 1st period - Alexander Wennberg is hit by Casey Mittelstadt.
8:57 of 1st period - Shot by Mario Ferraro.
8:57 of 1st period - Shot Misses the Net.
8:59 of 1st period - Shot by Mario Ferraro.
8:59 of 1st period - Shot Misses the Net.
9:01 of 1st period - Shot by Mario Ferraro.
9:01 of 1st period - Shot Blocked by Noel Acciari.
9:03 of 1st period - Shot by Mario Ferraro.
9:03 of 1st period - Stopped by Jordan Binnington without a rebound.
9:04 of 1st period - Noel Acciari wins face-off versus Anthony Beauvillier in MapleLeafs zone.
9:19 of 1st period - Shot by Ryan Lomberg.
9:19 of 1st period - Goal by Ryan Lomberg - MapleLeafs : 1 - Rangers : 1.
9:20 of 1st period - Evgeny Kuznetsov wins face-off versus Kent Johnson in neutral zone.
9:20 of 1st period - Evgeny Kuznetsov is hit by Ryan Lomberg.
9:24 of 1st period - Ryan Lomberg is hit by Evgeny Kuznetsov and loses puck.
9:55 of 1st period - Shot by Nick Bonino.
9:55 of 1st period - Stopped by Jordan Binnington without a rebound.
9:56 of 1st period - Alexander Wennberg wins face-off versus Casey Mittelstadt in MapleLeafs zone.
9:56 of 1st period - Alexander Wennberg is hit by Jesse Puljujarvi.
10:10 of 1st period - Shot by Jon Marchessault.
10:10 of 1st period - Shot Misses the Net.
10:39 of 1st period - Alexander Romanov is hit by Casey Mittelstadt and loses puck.
11:02 of 1st period - Shot by Juuso Parssinen.
11:02 of 1st period - Stopped by Jordan Binnington without a rebound.
11:03 of 1st period - Luke Kunin wins face-off versus Mikael Granlund in MapleLeafs zone.
11:22 of 1st period - Shot by Adam Erne.
11:22 of 1st period - Shot Blocked by Filip Chytil.
11:46 of 1st period - Shot by Martin Fehervary.
11:46 of 1st period - Goal by Martin Fehervary - MapleLeafs : 1 - Rangers : 2.
11:47 of 1st period - Evgeny Kuznetsov wins face-off versus Ryan Lomberg in neutral zone.
12:04 of 1st period - Shot by Evgeny Kuznetsov.
12:04 of 1st period - Stopped by Arturs Silovs without a rebound.
12:05 of 1st period - Casey Mittelstadt wins face-off versus Trent Frederic in Rangers zone.
12:24 of 1st period - Shot by Anthony Beauvillier.
12:24 of 1st period - Shot Blocked by Nicolas Hague.
13:34 of 1st period - Riley Stillman is hit by Mikael Granlund and loses puck.
13:38 of 1st period - Icing by Riley Stillman.
13:39 of 1st period - Juuso Parssinen wins face-off versus Evgeny Kuznetsov in Rangers zone.
14:08 of 1st period - Shot by Andrew Mangiapane.
14:08 of 1st period - Deflect By Evgeny Kuznetsov.
14:08 of 1st period - Shot Misses the Net.
14:10 of 1st period - Shot by Alexander Romanov.
14:10 of 1st period - Shot Misses the Net.
14:39 of 1st period - Kent Johnson is hit by Erik Cernak and loses puck.
15:35 of 1st period - Icing by Alexander Wennberg.
15:36 of 1st period - Alexander Wennberg wins face-off versus Casey Mittelstadt in MapleLeafs zone.
15:36 of 1st period - Erik Cernak is hit by Jesse Puljujarvi.
15:50 of 1st period - Shot by Anthony Beauvillier.
15:50 of 1st period - Stopped by Jordan Binnington with a rebound.
15:52 of 1st period - Shot by Jesse Puljujarvi.
15:52 of 1st period - Shot Blocked by Noel Acciari.
16:16 of 1st period - Shot by Casey Mittelstadt.
16:16 of 1st period - Stopped by Jordan Binnington without a rebound.
16:17 of 1st period - Evgeny Kuznetsov wins face-off versus Luke Kunin in MapleLeafs zone.
16:37 of 1st period - Shot by Jonathan Huberdeau.
16:37 of 1st period - Shot Misses the Net.
16:39 of 1st period - Shot by John Marino.
16:39 of 1st period - Stopped by Arturs Silovs without a rebound.
16:40 of 1st period - Juuso Parssinen wins face-off versus Mikael Granlund in Rangers zone.
17:06 of 1st period - Icing by Riley Stillman.
17:07 of 1st period - Alexander Wennberg wins face-off versus Juuso Parssinen in Rangers zone.
17:12 of 1st period - Shot by Jon Marchessault.
17:12 of 1st period - Shot Blocked by Riley Stillman.
17:23 of 1st period - Yegor Chinakhov is hit by Erik Cernak and loses puck.
17:34 of 1st period - Shot by Alexander Wennberg.
17:34 of 1st period - Deflect By Jon Marchessault.
17:34 of 1st period - Stopped by Arturs Silovs without a rebound.
17:35 of 1st period - Luke Kunin wins face-off versus Evgeny Kuznetsov in Rangers zone.
17:35 of 1st period - Luke Kunin is hit by Evgeny Kuznetsov.
19:04 of 1st period - Shot by Jesse Puljujarvi.
19:04 of 1st period - Stopped by Jordan Binnington without a rebound.
19:05 of 1st period - Mikael Granlund wins face-off versus Kent Johnson in MapleLeafs zone.
19:10 of 1st period - Noel Acciari is hit by Ryan Lomberg and loses puck.
19:29 of 1st period - Shot by Ryan Lomberg.
19:29 of 1st period - Shot Misses the Net.
19:33 of 1st period - Shot by Nick Bonino.
19:33 of 1st period - Stopped by Jordan Binnington without a rebound.
19:34 of 1st period - Luke Kunin wins face-off versus Alexander Wennberg in MapleLeafs zone.
Goals for this period are 1 for MapleLeafs vs 2 for Rangers.
Shots for this period are 6 for MapleLeafs vs 15 for Rangers.

2nd period


0:01 of 2nd period - Juuso Parssinen wins face-off versus Evgeny Kuznetsov in neutral zone.
0:03 of 2nd period - Minor Penalty to Alexander Romanov for Hooking.
0:04 of 2nd period - Juuso Parssinen wins face-off versus Mikael Granlund in MapleLeafs zone.
0:09 of 2nd period - Shot by Artem Zub.
0:09 of 2nd period - Shot Misses the Net.
0:33 of 2nd period - Shot by Anthony Beauvillier.
0:33 of 2nd period - Deflect By Juuso Parssinen.
0:33 of 2nd period - Stopped by Jordan Binnington without a rebound.
0:34 of 2nd period - Mikael Granlund wins face-off versus Casey Mittelstadt in MapleLeafs zone.
0:42 of 2nd period - Icing by Nick Perbix.
0:43 of 2nd period - Mikael Granlund wins face-off versus Jack Quinn in Rangers zone.
1:10 of 2nd period - Off-side.
1:11 of 2nd period - Juuso Parssinen wins face-off versus Mikael Granlund in neutral zone.
1:20 of 2nd period - Shot by Artem Zub.
1:20 of 2nd period - Stopped by Jordan Binnington with a rebound.
1:22 of 2nd period - Shot by Anthony Beauvillier.
1:22 of 2nd period - Stopped by Jordan Binnington without a rebound.
1:23 of 2nd period - Mikael Granlund wins face-off versus Juuso Parssinen in MapleLeafs zone.
1:29 of 2nd period - Icing by Artem Zub.
1:30 of 2nd period - Mikael Granlund wins face-off versus Juuso Parssinen in Rangers zone.
1:56 of 2nd period - Shot by Alexander Wennberg.
1:56 of 2nd period - Shot Misses the Net.
2:04 of 2nd period - Shot by Alexander Wennberg.
2:04 of 2nd period - Deflect By Andrew Mangiapane.
2:04 of 2nd period - Stopped by Arturs Silovs without a rebound.
2:05 of 2nd period - Kent Johnson wins face-off versus Jonathan Huberdeau in Rangers zone.
2:18 of 2nd period - Jonathan Huberdeau is hit by Nick Perbix and loses puck.
2:42 of 2nd period - Andrew Mangiapane is hit by Nick Perbix and loses puck.
2:45 of 2nd period - Shot by Jonathan Huberdeau.
2:45 of 2nd period - Shot Misses the Net.
3:12 of 2nd period - Icing by Nicolas Hague.
3:13 of 2nd period - Juuso Parssinen wins face-off versus Alexander Wennberg in MapleLeafs zone.
3:29 of 2nd period - Riley Stillman is hit by Erik Cernak.
3:51 of 2nd period - Shot by Juuso Parssinen.
3:51 of 2nd period - Shot Misses the Net.
3:53 of 2nd period - Shot by Juuso Parssinen.
3:53 of 2nd period - Stopped by Jordan Binnington without a rebound.
3:54 of 2nd period - Casey Mittelstadt wins face-off versus Mikael Granlund in MapleLeafs zone.
4:02 of 2nd period - Off-side.
4:03 of 2nd period - Casey Mittelstadt wins face-off versus Evgeny Kuznetsov in neutral zone.
4:13 of 2nd period - Caleb Jones is hit by Jonathan Huberdeau.
4:19 of 2nd period - Noah Cates is hit by Jesse Puljujarvi and loses puck.
4:30 of 2nd period - Shot by Jesse Puljujarvi.
4:30 of 2nd period - Stopped by Jordan Binnington without a rebound.
4:31 of 2nd period - Mikael Granlund wins face-off versus Luke Kunin in MapleLeafs zone.
5:11 of 2nd period - Shot by Mikael Granlund.
5:11 of 2nd period - Stopped by Arturs Silovs without a rebound.
5:12 of 2nd period - Alexander Wennberg wins face-off versus Casey Mittelstadt in Rangers zone.
5:15 of 2nd period - Shot by Drake Batherson.
5:15 of 2nd period - Shot Misses the Net.
5:17 of 2nd period - Shot by Noah Cates.
5:17 of 2nd period - Shot Blocked by Riley Stillman.
5:34 of 2nd period - Jesse Puljujarvi is hit by Noel Acciari.
5:36 of 2nd period - Shot by Casey Mittelstadt.
5:36 of 2nd period - Shot Blocked by Noel Acciari.
6:33 of 2nd period - Shot by Yegor Chinakhov.
6:33 of 2nd period - Stopped by Jordan Binnington with a rebound.
6:45 of 2nd period - Shot by Evgeny Kuznetsov.
6:45 of 2nd period - Deflect By Andrew Mangiapane.
6:45 of 2nd period - Shot Misses the Net.
6:59 of 2nd period - Shot by Juuso Parssinen.
6:59 of 2nd period - Shot Misses the Net.
7:02 of 2nd period - Icing by Nicolas Hague.
7:03 of 2nd period - Mikael Granlund wins face-off versus Luke Kunin in MapleLeafs zone.
7:14 of 2nd period - Shot by Mikael Granlund.
7:14 of 2nd period - Shot Misses the Net.
7:35 of 2nd period - Icing by Martin Fehervary.
7:36 of 2nd period - Luke Kunin wins face-off versus Drake Batherson in Rangers zone.
7:58 of 2nd period - Martin Fehervary is hit by Jon Marchessault and loses puck.
8:34 of 2nd period - Icing by Alexander Wennberg.
8:35 of 2nd period - Alexander Wennberg wins face-off versus Juuso Parssinen in MapleLeafs zone.
9:12 of 2nd period - Shot by Andrew Mangiapane.
9:12 of 2nd period - Stopped by Arturs Silovs without a rebound.
9:13 of 2nd period - Mikael Granlund wins face-off versus Kent Johnson in Rangers zone.
9:41 of 2nd period - Ryan Lomberg is hit by Mikael Granlund and loses puck.
9:56 of 2nd period - Shot by Anthony Duclair.
9:56 of 2nd period - Shot Misses the Net.
10:50 of 2nd period - Icing by Andrew Mangiapane.
10:51 of 2nd period - Juuso Parssinen wins face-off versus Evgeny Kuznetsov in MapleLeafs zone.
10:56 of 2nd period - Shot by Juuso Parssinen.
10:56 of 2nd period - Deflect By Yegor Chinakhov.
10:56 of 2nd period - Stopped by Jordan Binnington with a rebound.
10:58 of 2nd period - Shot by Jack Quinn.
10:58 of 2nd period - Shot Misses the Net.
11:00 of 2nd period - Shot by Yegor Chinakhov.
11:00 of 2nd period - Shot Misses the Net.
11:02 of 2nd period - Shot by Yegor Chinakhov.
11:02 of 2nd period - Shot Hit the Post.
11:04 of 2nd period - Shot by Martin Fehervary.
11:04 of 2nd period - Shot Blocked by John Marino.
11:06 of 2nd period - Shot by Yegor Chinakhov.
11:06 of 2nd period - Stopped by Jordan Binnington with a rebound.
11:10 of 2nd period - Shot by Jack Quinn.
11:10 of 2nd period - Deflect By Juuso Parssinen.
11:10 of 2nd period - Shot Misses the Net.
11:12 of 2nd period - Shot by Caleb Jones.
11:12 of 2nd period - Stopped by Jordan Binnington with a rebound.
11:30 of 2nd period - Shot by Yegor Chinakhov.
11:30 of 2nd period - Shot Misses the Net.
11:32 of 2nd period - Shot by Yegor Chinakhov.
11:32 of 2nd period - Deflect By Juuso Parssinen.
11:32 of 2nd period - Stopped by Jordan Binnington without a rebound.
11:33 of 2nd period - Eric Robinson wins face-off versus Jon Marchessault in MapleLeafs zone.
11:51 of 2nd period - Adam Erne is hit by Noel Acciari and loses puck.
12:44 of 2nd period - Shot by Jesse Puljujarvi.
12:44 of 2nd period - Shot Misses the Net.
12:58 of 2nd period - Shot by Anthony Beauvillier.
12:58 of 2nd period - Stopped by Jordan Binnington with a rebound.
13:00 of 2nd period - Shot by Artem Zub.
13:00 of 2nd period - Stopped by Jordan Binnington without a rebound.
13:01 of 2nd period - Mikael Granlund wins face-off versus Kent Johnson in MapleLeafs zone.
13:30 of 2nd period - Icing by Caleb Jones.
13:31 of 2nd period - Kent Johnson wins face-off versus Evgeny Kuznetsov in Rangers zone.
13:54 of 2nd period - Shot by Jonathan Huberdeau.
13:54 of 2nd period - Stopped by Arturs Silovs without a rebound.
13:55 of 2nd period - Juuso Parssinen wins face-off versus Mikael Granlund in Rangers zone.
13:55 of 2nd period - Juuso Parssinen is hit by Anthony Duclair.
14:16 of 2nd period - Off-side.
14:17 of 2nd period - Casey Mittelstadt wins face-off versus Jonathan Huberdeau in neutral zone.
14:22 of 2nd period - Shot by Jesse Puljujarvi.
14:22 of 2nd period - Shot Misses the Net.
14:52 of 2nd period - Shot by Casey Mittelstadt.
14:52 of 2nd period - Goal by Casey Mittelstadt - MapleLeafs : 1 - Rangers : 3.
14:53 of 2nd period - Luke Kunin wins face-off versus Trent Frederic in neutral zone.
15:03 of 2nd period - Icing by Drake Batherson.
15:04 of 2nd period - Juuso Parssinen wins face-off versus Jon Marchessault in MapleLeafs zone.
15:19 of 2nd period - Caleb Jones is hit by Trent Frederic and loses puck.
15:28 of 2nd period - Shot by Drake Batherson.
15:28 of 2nd period - Deflect By Trent Frederic.
15:28 of 2nd period - Shot Misses the Net.
15:40 of 2nd period - Shot by Drake Batherson.
15:40 of 2nd period - Shot Misses the Net.
15:42 of 2nd period - Shot by Erik Cernak.
15:42 of 2nd period - Shot Blocked by Martin Fehervary.
15:56 of 2nd period - Juuso Parssinen is hit by Mikael Granlund and loses puck.
17:12 of 2nd period - Shot by Eric Robinson.
17:12 of 2nd period - Shot Misses the Net.
17:14 of 2nd period - Shot by Mario Ferraro.
17:14 of 2nd period - Stopped by Jordan Binnington with a rebound.
17:16 of 2nd period - Shot by Eric Robinson.
17:16 of 2nd period - Deflect By Luke Kunin.
17:16 of 2nd period - Shot Misses the Net.
17:18 of 2nd period - Shot by Luke Kunin.
17:18 of 2nd period - Stopped by Jordan Binnington without a rebound.
17:19 of 2nd period - Alexander Wennberg wins face-off versus Casey Mittelstadt in MapleLeafs zone.
17:19 of 2nd period - Alexander Wennberg is hit by Jesse Puljujarvi.
17:25 of 2nd period - Shot by Drake Batherson.
17:25 of 2nd period - Shot Misses the Net.
17:27 of 2nd period - Shot by Alexander Wennberg.
17:27 of 2nd period - Stopped by Arturs Silovs without a rebound.
17:28 of 2nd period - Alexander Wennberg wins face-off versus Kent Johnson in Rangers zone.
17:28 of 2nd period - Alexander Wennberg is hit by Riley Stillman.
17:43 of 2nd period - Shot by Nick Bonino.
17:43 of 2nd period - Shot Misses the Net.
17:45 of 2nd period - Shot by Nick Bonino.
17:45 of 2nd period - Shot Misses the Net.
17:47 of 2nd period - Shot by Kent Johnson.
17:47 of 2nd period - Stopped by Jordan Binnington without a rebound.
17:48 of 2nd period - Jesse Puljujarvi wins face-off versus Mikael Granlund in MapleLeafs zone.
17:51 of 2nd period - Shot by Casey Mittelstadt.
17:51 of 2nd period - Shot Blocked by Noah Cates.
18:02 of 2nd period - Icing by Mario Ferraro.
18:03 of 2nd period - Alexander Wennberg wins face-off versus Casey Mittelstadt in Rangers zone.
18:18 of 2nd period - Shot by Casey Mittelstadt.
18:18 of 2nd period - Shot Misses the Net.
18:20 of 2nd period - Shot by Jesse Puljujarvi.
18:20 of 2nd period - Shot Misses the Net.
18:22 of 2nd period - Shot by Anthony Beauvillier.
18:22 of 2nd period - Shot Misses the Net.
18:24 of 2nd period - Shot by Mario Ferraro.
18:24 of 2nd period - Stopped by Jordan Binnington without a rebound.
18:25 of 2nd period - Evgeny Kuznetsov wins face-off versus Luke Kunin in MapleLeafs zone.
18:36 of 2nd period - Shot by Andrew Mangiapane.
18:36 of 2nd period - Shot Misses the Net.
18:41 of 2nd period - Jonathan Huberdeau is hit by Riley Stillman and loses puck.
18:56 of 2nd period - Shot by Evgeny Kuznetsov.
18:56 of 2nd period - Shot Blocked by Riley Stillman.
19:02 of 2nd period - Shot by Evgeny Kuznetsov.
19:02 of 2nd period - Shot Misses the Net.
19:04 of 2nd period - Shot by Noah Cates.
19:04 of 2nd period - Stopped by Arturs Silovs without a rebound.
19:05 of 2nd period - Alexander Wennberg wins face-off versus Kent Johnson in Rangers zone.
Goals for this period are 0 for MapleLeafs vs 1 for Rangers.
Shots for this period are 6 for MapleLeafs vs 17 for Rangers.

3rd period


0:01 of 3rd period - Casey Mittelstadt wins face-off versus Alexander Wennberg in neutral zone.
0:10 of 3rd period - Shot by Casey Mittelstadt.
0:10 of 3rd period - Shot Misses the Net.
0:26 of 3rd period - Shot by Anthony Beauvillier.
0:26 of 3rd period - Deflect By Casey Mittelstadt.
0:26 of 3rd period - Stopped by Jordan Binnington without a rebound.
0:27 of 3rd period - Adam Erne wins face-off versus Mikael Granlund in MapleLeafs zone.
0:30 of 3rd period - Shot by Luke Kunin.
0:30 of 3rd period - Shot Blocked by Noah Cates.
0:32 of 3rd period - Shot by Mario Ferraro.
0:32 of 3rd period - Shot Misses the Net.
0:34 of 3rd period - Shot by Adam Erne.
0:34 of 3rd period - Goal by Adam Erne - MapleLeafs : 1 - Rangers : 4.
0:35 of 3rd period - Filip Chytil wins face-off versus Adam Erne in neutral zone.
0:43 of 3rd period - Icing by Mario Ferraro.
0:44 of 3rd period - Alexander Wennberg wins face-off versus Eric Robinson in Rangers zone.
0:45 of 3rd period - Shot by Drake Batherson.
0:45 of 3rd period - Stopped by Arturs Silovs without a rebound.
0:46 of 3rd period - Trent Frederic wins face-off versus Luke Kunin in Rangers zone.
0:51 of 3rd period - Shot by Jon Marchessault.
0:51 of 3rd period - Stopped by Arturs Silovs with a rebound.
1:14 of 3rd period - Icing by John Marino.
1:15 of 3rd period - Trent Frederic wins face-off versus Casey Mittelstadt in MapleLeafs zone.
1:24 of 3rd period - Mario Ferraro is hit by Trent Frederic and loses puck.
1:46 of 3rd period - Minor Penalty to Jonathan Huberdeau for Interference.
1:47 of 3rd period - Juuso Parssinen wins face-off versus Mikael Granlund in MapleLeafs zone.
1:55 of 3rd period - Icing by Juuso Parssinen.
1:56 of 3rd period - Mikael Granlund wins face-off versus Juuso Parssinen in Rangers zone.
2:02 of 3rd period - Riley Stillman is hit by Erik Cernak and loses puck.
2:05 of 3rd period - Shot by Artem Zub.
2:05 of 3rd period - Stopped by Jordan Binnington without a rebound.
2:06 of 3rd period - Mikael Granlund wins face-off versus Casey Mittelstadt in MapleLeafs zone.
2:44 of 3rd period - Icing by Casey Mittelstadt.
2:45 of 3rd period - Casey Mittelstadt wins face-off versus Mikael Granlund in Rangers zone.
2:52 of 3rd period - Shot by Nick Perbix.
2:52 of 3rd period - Stopped by Jordan Binnington without a rebound.
2:53 of 3rd period - Mikael Granlund wins face-off versus Juuso Parssinen in MapleLeafs zone.
3:09 of 3rd period - Icing by Yegor Chinakhov.
3:10 of 3rd period - Juuso Parssinen wins face-off versus Mikael Granlund in Rangers zone.
3:10 of 3rd period - Juuso Parssinen is hit by Noel Acciari.
3:29 of 3rd period - Icing by Juuso Parssinen.
3:30 of 3rd period - Mikael Granlund wins face-off versus Juuso Parssinen in Rangers zone.
3:49 of 3rd period - Nick Bonino is hit by Evgeny Kuznetsov and loses puck.
3:57 of 3rd period - Andrew Mangiapane is hit by Mario Ferraro and loses puck.
4:07 of 3rd period - Shot by Evgeny Kuznetsov.
4:07 of 3rd period - Stopped by Arturs Silovs without a rebound.
4:08 of 3rd period - Luke Kunin wins face-off versus Alexander Wennberg in Rangers zone.
4:16 of 3rd period - Shot by Alexander Wennberg.
4:16 of 3rd period - Shot Misses the Net.
4:18 of 3rd period - Shot by Alexander Wennberg.
4:18 of 3rd period - Deflect By Jon Marchessault.
4:18 of 3rd period - Stopped by Arturs Silovs with a rebound.
4:21 of 3rd period - Jon Marchessault is hit by Caleb Jones and loses puck.
4:27 of 3rd period - Minor Penalty to Martin Fehervary for Interference.
4:28 of 3rd period - Nick Bonino wins face-off versus Evgeny Kuznetsov in Rangers zone.
5:23 of 3rd period - Icing by Jon Marchessault.
5:24 of 3rd period - Alexander Wennberg wins face-off versus Luke Kunin in MapleLeafs zone.
5:24 of 3rd period - Rasmus Sandin is hit by Luke Kunin and loses puck.
6:01 of 3rd period - Minor Penalty to Jonathan Huberdeau for Holding.
6:02 of 3rd period - Casey Mittelstadt wins face-off versus Evgeny Kuznetsov in MapleLeafs zone.
6:11 of 3rd period - Shot by Anthony Beauvillier.
6:11 of 3rd period - Stopped by Jordan Binnington without a rebound.
6:12 of 3rd period - Evgeny Kuznetsov wins face-off versus Kent Johnson in MapleLeafs zone.
6:12 of 3rd period - Evgeny Kuznetsov is hit by Kent Johnson.
6:55 of 3rd period - Shot by Yegor Chinakhov.
6:55 of 3rd period - Stopped by Jordan Binnington without a rebound.
6:56 of 3rd period - Mikael Granlund wins face-off versus Casey Mittelstadt in MapleLeafs zone.
7:14 of 3rd period - Icing by Mario Ferraro.
7:15 of 3rd period - Mikael Granlund wins face-off versus Casey Mittelstadt in Rangers zone.
7:34 of 3rd period - Mikael Granlund is hit by Jesse Puljujarvi.
8:01 of 3rd period - Minor Penalty to Ryan Lomberg for Roughing.
8:02 of 3rd period - Eric Robinson wins face-off versus Evgeny Kuznetsov in Rangers zone.
8:20 of 3rd period - Evgeny Kuznetsov is hit by Artem Zub and loses puck.
8:23 of 3rd period - Shot by Mikael Granlund.
8:23 of 3rd period - Stopped by Arturs Silovs without a rebound.
8:24 of 3rd period - Luke Kunin wins face-off versus Alexander Wennberg in Rangers zone.
8:43 of 3rd period - Shot by Jon Marchessault.
8:43 of 3rd period - Stopped by Arturs Silovs with a rebound.
8:45 of 3rd period - Shot by Jonathan Huberdeau.
8:45 of 3rd period - Shot Misses the Net.
8:47 of 3rd period - Shot by Alexander Wennberg.
8:47 of 3rd period - Shot Blocked by Eric Robinson.
8:49 of 3rd period - Shot by Jonathan Huberdeau.
8:49 of 3rd period - Shot Misses the Net.
8:51 of 3rd period - Shot by Noel Acciari.
8:51 of 3rd period - Shot Blocked by Martin Fehervary.
8:53 of 3rd period - Shot by Rasmus Sandin.
8:53 of 3rd period - Stopped by Arturs Silovs with a rebound.
9:07 of 3rd period - Shot by Alexander Wennberg.
9:07 of 3rd period - Deflect By Jonathan Huberdeau.
9:07 of 3rd period - Stopped by Arturs Silovs with a rebound.
9:26 of 3rd period - Mikael Granlund is hit by Mario Ferraro and loses puck.
9:31 of 3rd period - Shot by Noah Cates.
9:31 of 3rd period - Stopped by Arturs Silovs without a rebound.
9:32 of 3rd period - Nick Bonino wins face-off versus Evgeny Kuznetsov in Rangers zone.
9:32 of 3rd period - Nick Bonino is hit by Drake Batherson.
10:45 of 3rd period - Icing by Riley Stillman.
10:46 of 3rd period - Juuso Parssinen wins face-off versus Alexander Wennberg in Rangers zone.
10:55 of 3rd period - Alexander Wennberg is hit by Yegor Chinakhov.
10:56 of 3rd period - Icing by Alexander Wennberg.
10:57 of 3rd period - Alexander Wennberg wins face-off versus Ryan Lomberg in MapleLeafs zone.
11:32 of 3rd period - Nick Bonino is hit by Drake Batherson and loses puck.
11:47 of 3rd period - Mario Ferraro is hit by Noel Acciari and loses puck.
12:03 of 3rd period - Jonathan Huberdeau is hit by Martin Fehervary and loses puck.
12:14 of 3rd period - Shot by Casey Mittelstadt.
12:14 of 3rd period - Stopped by Jordan Binnington with a rebound.
12:16 of 3rd period - Shot by Casey Mittelstadt.
12:16 of 3rd period - Shot Misses the Net.
12:23 of 3rd period - Anthony Beauvillier is hit by Noah Cates and loses puck.
12:36 of 3rd period - Shot by Caleb Jones.
12:36 of 3rd period - Stopped by Jordan Binnington with a rebound.
12:51 of 3rd period - Eric Robinson is hit by Noel Acciari and loses puck.
12:58 of 3rd period - Shot by Eric Robinson.
12:58 of 3rd period - Shot Misses the Net.
13:00 of 3rd period - Shot by Adam Erne.
13:00 of 3rd period - Shot Misses the Net.
13:02 of 3rd period - Shot by Luke Kunin.
13:02 of 3rd period - Goal by Luke Kunin - MapleLeafs : 1 - Rangers : 5.
13:03 of 3rd period - Mikael Granlund wins face-off versus Juuso Parssinen in neutral zone.
13:31 of 3rd period - Yegor Chinakhov is hit by Filip Chytil and loses puck.
13:41 of 3rd period - Jack Quinn is hit by Nicolas Hague and loses puck.
14:54 of 3rd period - Jonathan Huberdeau is hit by Luke Kunin and loses puck.
15:09 of 3rd period - Shot by Jonathan Huberdeau.
15:09 of 3rd period - Stopped by Arturs Silovs without a rebound.
15:10 of 3rd period - Kent Johnson wins face-off versus Mikael Granlund in Rangers zone.
15:41 of 3rd period - Shot by Caleb Jones.
15:41 of 3rd period - Stopped by Jordan Binnington without a rebound.
15:42 of 3rd period - Trent Frederic wins face-off versus Casey Mittelstadt in MapleLeafs zone.
15:59 of 3rd period - Icing by Nick Perbix.
16:00 of 3rd period - Casey Mittelstadt wins face-off versus Evgeny Kuznetsov in Rangers zone.
16:07 of 3rd period - Shot by Anthony Beauvillier.
16:07 of 3rd period - Shot Misses the Net.
16:09 of 3rd period - Shot by Mario Ferraro.
16:09 of 3rd period - Shot Misses the Net.
16:11 of 3rd period - Shot by Jesse Puljujarvi.
16:11 of 3rd period - Shot Misses the Net.
16:13 of 3rd period - Shot by Casey Mittelstadt.
16:13 of 3rd period - Stopped by Jordan Binnington without a rebound.
16:14 of 3rd period - Juuso Parssinen wins face-off versus Alexander Wennberg in MapleLeafs zone.
16:17 of 3rd period - Shot by Yegor Chinakhov.
16:17 of 3rd period - Shot Misses the Net.
16:28 of 3rd period - Shot by Alexander Wennberg.
16:28 of 3rd period - Shot Misses the Net.
16:32 of 3rd period - Shot by Jon Marchessault.
16:32 of 3rd period - Stopped by Arturs Silovs without a rebound.
16:33 of 3rd period - Evgeny Kuznetsov wins face-off versus Kent Johnson in Rangers zone.
16:49 of 3rd period - Artem Zub is hit by Erik Cernak and loses puck.
16:56 of 3rd period - Shot by Ryan Lomberg.
16:56 of 3rd period - Stopped by Jordan Binnington without a rebound.
16:57 of 3rd period - Casey Mittelstadt wins face-off versus Alexander Wennberg in MapleLeafs zone.
17:15 of 3rd period - Icing by Nick Perbix.
17:16 of 3rd period - Casey Mittelstadt wins face-off versus Evgeny Kuznetsov in Rangers zone.
17:16 of 3rd period - Casey Mittelstadt is hit by Jonathan Huberdeau.
17:30 of 3rd period - Shot by Casey Mittelstadt.
17:30 of 3rd period - Stopped by Jordan Binnington without a rebound.
17:31 of 3rd period - Juuso Parssinen wins face-off versus Jon Marchessault in MapleLeafs zone.
17:51 of 3rd period - Shot by Jon Marchessault.
17:51 of 3rd period - Shot Misses the Net.
17:54 of 3rd period - Icing by Artem Zub.
17:55 of 3rd period - Yegor Chinakhov wins face-off versus Jonathan Huberdeau in Rangers zone.
18:06 of 3rd period - Shot by Jonathan Huberdeau.
18:06 of 3rd period - Shot Misses the Net.
18:34 of 3rd period - Artem Zub is hit by Jonathan Huberdeau and loses puck.
18:54 of 3rd period - Shot by Drake Batherson.
18:54 of 3rd period - Goal by Drake Batherson - MapleLeafs : 2 - Rangers : 5.
18:55 of 3rd period - Kent Johnson wins face-off versus Mikael Granlund in neutral zone.
19:23 of 3rd period - Icing by Mikael Granlund.
19:24 of 3rd period - Luke Kunin wins face-off versus Mikael Granlund in MapleLeafs zone.
19:53 of 3rd period - Shot by Luke Kunin.
19:53 of 3rd period - Shot Misses the Net.
19:55 of 3rd period - Shot by Mario Ferraro.
19:55 of 3rd period - Stopped by Jordan Binnington without a rebound.
19:56 of 3rd period - Casey Mittelstadt wins face-off versus Alexander Wennberg in MapleLeafs zone.
Goals for this period are 1 for MapleLeafs vs 2 for Rangers.
Shots for this period are 12 for MapleLeafs vs 14 for Rangers.